 Dungeon Crawl Stone Soup version 0.29-a0-495-g17b79114eb (webtiles) character file.

Game seed: 16022805056397139873

220 Sobieck the Bolt Thrower (level 5, -2/42 HPs)
             Began as a Barachi Hunter on May 27, 2022.
             Succumbed to an orc wizard's poison
             ... on level 3 of the Dungeon.
             The game lasted 00:04:33 (1327 turns).

Sobieck the Bolt Thrower (Barachi Hunter)           Turns: 1327, Time: 00:04:34

Health: -2/42      AC:  3    Str: 14    XL:     5   Next: 97%
Magic:  2/5        EV: 12    Int:  9    God:
Gold:   92         SH:  0    Dex: 16    Spells: 4/4 levels left

rFire   . . .      SeeInvis .   a - +1 hand crossbow {crossbow}
rCold   . . .      Faith    .   (no shield)
rNeg    + . .      Spirit   +   b - +0 leather armour
rPois   .          Reflect  .   (no helmet)
rElec   .          Harm     .   (no cloak)
rCorr   .          Rampage  .   (no gloves)
Will    .....                   (no boots)
Stlth   ++........              r - amulet of guardian spirit
HPRegen 0.14/turn               q - ring of positive energy
MPRegen 0.09/turn               (no ring)

@: lethally poisoned (-2 -> -25), hasted, quick
A: amphibious, slowness 1, strong legs 1, +LOS
a: Hop


You were on level 3 of the Dungeon.
You visited 1 branch of the dungeon, and saw 3 of its levels.

You collected 92 gold pieces.


Innate Abilities, Weirdness & Mutations

You are amphibious.
You cover ground slowly.
You can hop short distances.
You have an extended range of vision and can be seen from far away.


   Skills:
 + Level 3.9 Fighting
 + Level 4.7 Crossbows
 + Level 2.8 Armour
 - Level 3.0 Dodging
 + Level 2.8 Stealth


You had 4 spell levels left.
You didn't know any spells.
Your spell library contained the following spells:

 Spells                   Type           Power      Damage    Failure   Level
 Beastly Appendage        Tmut           0%         N/A       45%         1
 Sandblast                Erth           0%         2d4       45%         1
 Passwall                 Tmut/Erth      0%         N/A       58%         2
 Wereblood                Tmut           0%         N/A       58%         2
 Spider Form              Tmut/Pois      0%         N/A       83%         3
 Stone Arrow              Conj/Erth      0%         3d7       83%         3

Inventory:

Hand Weapons
 a - a +1 hand crossbow (weapon) {crossbow}
Missiles
 e - 59 stones {throwing}
 l - 5 poisoned darts {throwing}
Armour
 b - a +0 leather armour (worn)
 d - a +0 robe
   (You took it off Sigmund on level 2 of the Dungeon)
 i - a +0 leather armour
   (You found it on level 1 of the Dungeon)
 p - a +0 robe
   (You found it on level 2 of the Dungeon)
Jewellery
 q - a ring of positive energy (left hand)
   (You found it on level 2 of the Dungeon)
 r - an amulet of guardian spirit (around neck)
   (You found it on level 2 of the Dungeon)
Scrolls
 c - 2 scrolls of immolation {!r!r}
 f - a scroll of noise {unknown}
 g - a scroll of silence {unknown}
 k - a scroll of teleportation {unknown}
 n - a scroll of amnesia {unknown}
 t - a scroll of blinking {unknown}
Potions
 h - a potion of curing {unknown}
 j - 2 potions of might
 m - a potion of berserk rage {unknown}
 s - a potion of brilliance {unknown}

Dungeon Overview and Level Annotations

Branches:
Dungeon (3/15)

Altars:

Shops:
D:3

* #.# #.# #.#
##.## #.##.
#.###.###.# #.#
#.##. #.....)...#
#^# #....
##.#####.## #+##
#.... #.# #.# ...#
#..#. #.# #.#
..... #..#. #.#
#.# ...... #
#.#####.###o......
#........@{{......
##.....####o......
###+#.## ......
#.+∩'.# .....
#.#'### ...#
#...### +##
##....# ####.# #.#


You could see 2 orcs.


Message History

Unknown command.
Unknown command.
You open the door.
There is an open door here.
t - a scroll labelled TYNAVV LU HYS Unknown command.
There is an open door here.
There is an open door here.
You open the door. 2 orc wizards, 3 orcs and an adder come into view.
An orc wizard is wielding a +1 dagger of venom.
The orc shouts!
The orc wizard shouts!
The orc wizard points at you and mumbles some strange words.
The magic dart hits you!
The orc wizard shouts!
The orc shouts!
Danger!
Unknown command.
You shoot a bolt. The bolt hits the orc wizard.
The orc wizard gestures wildly while chanting.
The orc wizard flickers and vanishes!
Deactivating autopickup; reactivate with Ctrl-A.
You shoot a bolt. The bolt hits the orc wizard!
A magic dart appears from out of thin air!
The magic dart hits you but does no damage.
You shoot a bolt. The bolt hits the adder.
The adder misses you. The adder closely misses you.
Shoot: a) +1 hand crossbow {crossbow}
Press: ? - help, Q - select action, (/) - cycle Shift-Dir - straight line, f/p - adder
Aim: an adder (moderately wounded, 50% to hit)
Okay, then.
Unknown command.
You shoot a bolt. The bolt barely misses the adder.
The bolt hits the orc!
You kill the orc!
The adder closely misses you.
You shoot a bolt. The bolt hits the adder.
The adder bites you. The adder closely misses you.
You shoot a bolt. The bolt completely misses the adder.
The adder bites you. The adder closely misses you.
You are too injured to fight recklessly!
You are too injured to fight recklessly!
Shoot: a) +1 hand crossbow {crossbow}
Press: ? - help, Q - select action, (/) - cycle Shift-Dir - straight line, f - orc, p - adder
Aim: an orc, wielding a +0 whip (65% to hit)
You shoot a bolt. The bolt barely misses the adder.
The adder bites you.
You are poisoned.
The adder poisons you!
Shoot: a) +1 hand crossbow {crossbow}
Press: ? - help, Q - select action, (/) - cycle Shift-Dir - straight line, f/p - orc
Aim: an orc, wielding a +0 whip (65% to hit)
You shoot a bolt. The bolt hits the adder.
You kill the adder!
You feel sick.
Shoot: a) +1 hand crossbow {crossbow}
Press: ? - help, Q - select action, (/) - cycle Shift-Dir - straight line, f/p - orc
Aim: an orc, wielding a +0 whip (65% to hit)
You shoot a bolt. The bolt hits the orc.
You feel sick. Something hits you.
You are more poisoned.
The orc wizard casts a spell at you.
Danger!
Shoot: a) +1 hand crossbow {crossbow}
Press: ? - help, Q - select action, (/) - cycle Shift-Dir - straight line, f/p - orc
Aim: an orc, wielding a +0 whip (heavily wounded, 65% to hit)
You shoot a bolt. The bolt barely misses the orc.
You feel very sick. Something hits you.
* * * LOW HITPOINT WARNING * * *
Something hits the orc but does no damage.
The orc is poisoned.
The orc wizard mumbles some strange words.
The orc wizard flickers and vanishes!
Unknown command.
Shoot: a) +1 hand crossbow {crossbow}
Press: ? - help, Q - select action, (/) - cycle Shift-Dir - straight line, f/p - orc
Aim: an orc, wielding a +0 whip (heavily wounded, 65% to hit)
You shoot a bolt. The bolt barely misses the orc.
You feel very sick.
Unknown command.
Shoot: a) +1 hand crossbow {crossbow}
Press: ? - help, Q - select action, (/) - cycle Shift-Dir - straight line, f/p - orc
Aim: an orc, wielding a +0 whip (heavily wounded, 65% to hit)
You shoot a bolt.
You feel sick. Something hits you.
* * * LOW HITPOINT WARNING * * *
You are lethally poisoned!
Shoot: a) +1 hand crossbow {crossbow}
Press: ? - help, Q - select action, (/) - cycle Shift-Dir - straight line, f/p - orc
Aim: an orc, wielding a +0 whip (heavily wounded, 65% to hit)
You shoot a bolt. The bolt barely misses the orc.
* * * LOW HITPOINT WARNING * * *
You feel very sick.
Something says, "I'm a little confused."
Something hits you.
* * * LOW HITPOINT WARNING * * *
Something hits you.
* * * LOW HITPOINT WARNING * * *
You are more poisoned.
It was a potion of haste.
You feel yourself speed up.
You die...

Skill      XL: |  1  2  3 |
---------------+----------+-----
Stealth        | 1 2 |  2.8
Armour         | 1 2 |  2.8
Fighting       | 3 |  3.9
Dodging        | 3 |  3.0
Crossbows      | |  4.7

Action                   |  1- 3 |  4- 6 || total
-------------------------+-------+-------++-------
 Fire: Hand crossbow     |    71 |    33 ||   104
 Abil: Hop               |     3 |       ||     3
  Use: Potion            |     2 |     1 ||     3
Armor: Leather armour    |     3 |     2 ||     5
Dodge: Dodged            |    10 |    16 ||    26

Levels and vault maps discovered:
D:1:      lemuel_arrival_behind_the_door_small, layout_rooms,
          shapermc_ecumenical_altar_mp_highgroup, chequers_mini_garden
D:2:      layout_loops_cross, uniq_sigmund
D:3:      layout_loops_corners, serial_shops, nicolae_shop_statue_plus,
          shop_statue, nicolae_shop_overgrown_old_shop,
          nicolae_shop_behind_doors, shop_statue, minmay_shallow_snake_nest

Notes
Turn   | Place    | Note
-------+----------+-------------------------------------------
     0 | D:1      | Sobieck the Barachi Hunter began the quest for the Orb.
     0 | D:1      | Reached XP level 1. HP: 17/17 MP: 1/1
    44 | D:1      | Reached skill level 1 in Stealth
    59 | D:1      | Reached XP level 2. HP: 23/23 MP: 2/2
   226 | D:1      | Reached skill level 1 in Armour
   368 | D:1      | You pick up a book of Geomancy and begin reading...
   368 | D:1      | You add the spells Sandblast, Passwall and Stone Arrow to
                  | your library.
   455 | D:1      | Found a faded altar of an unknown god.
   521 | D:2      | Reached XP level 3. HP: 27/28 MP: 3/3
   555 | D:2      | You pick up a book of Changes and begin reading...
   555 | D:2      | You add the spells Beastly Appendage, Wereblood and Spider
                  | Form to your library.
   563 | D:2      | Reached skill level 3 in Fighting
   644 | D:2      | Noticed Sigmund
   662 | D:2      | Killed Sigmund
   663 | D:2      | Reached skill level 2 in Armour
   663 | D:2      | Reached skill level 3 in Dodging
   663 | D:2      | Reached skill level 2 in Stealth
   663 | D:2      | Reached XP level 4. HP: 25/37 MP: 4/4
   663 | D:2      | Reached XP level 5. HP: 29/42 MP: 5/5
  1294 | D:3      | Found Afilur's General Store.
  1326 | D:3      | HP: 9/42 [poisoned by an orc wizard]
  1326 | D:3      | HP: 3/42 [something (2)]
  1327 | D:3      | Succumbed to an orc wizard's poison

Vanquished Creatures
  Sigmund (D:2)
  2 adders
  A worm (D:2)
  An orc (D:3)
  2 bats
  4 endoplasms
  2 giant cockroaches (D:1)
  4 goblins (D:1)
  3 hobgoblins (D:1)
  2 quokkas
  2 ball pythons
  3 frilled lizards
  2 kobolds
  A rat (D:1)
30 creatures vanquished.

Table legend:
 A = Non-vault XP
 B = Vault XP
 C = Vault XP percentage of total XP
 D = Non-vault monster count
 E = Vault monster count
 F = Vault count percentage of total count
                 A         B        C        D         E       F
            +---------+---------+-------+---------+---------+-------
      Total |      76 |     239 |  75.9 |      29 |       1 |   3.3
            +---------+---------+-------+---------+---------+-------
        D:1 |      29 |       0 |   0.0 |      17 |       0 |   0.0
        D:2 |      31 |     239 |  88.5 |      10 |       1 |   9.1
        D:3 |      16 |       0 |   0.0 |       2 |       0 |   0.0
            +---------+---------+-------+---------+---------+-------

Illustrated notes

Table legend:
 A = Kills in this place as a percentage of kills in entire the game.
 B = Kills by you in this place as a percentage of kills by you in the entire game.
 C = Kills by friends in this place as a percentage of kills by friends in the entire game.
 D = Other kills in this place as a percentage of other kills in the entire game.
 E = Experience gained in this place as a percentage of experience gained in the entire game.
 F = Experience gained in this place divided by the number of levels of this place that you have seen.
                   A       B       C       D       E      F
               +-------+-------+-------+-------+-------+----------------------
         Total | 100.0 | 100.0 |   N/A |   N/A | 100.0 | 105.0
       Dungeon | 100.0 | 100.0 |   N/A |   N/A | 100.0 | 105.0
               +-------+-------+-------+-------+-------+----------------------

Table legend: (Time is in decaauts)
 A = Elapsed time spent in this place.
 B = Non-inter-level travel time spent in this place.
 C = Inter-level travel time spent in this place.
 D = Time resting spent in this place.
 E = Time spent auto-exploring this place.
 F = Levels seen in this place.
 G = Mean time per level.
                   A        B        C        D        E       F      G
               +--------+--------+--------+--------+--------+-----+--------+
         Total |   1560 |   1496 |     64 |      0 |   1267 |   3 |  520.0 |
       Dungeon |   1560 |   1496 |     64 |      0 |   1267 |   3 |  520.0 |
               +--------+--------+--------+--------+--------+-----+--------+

Top non-repeatable levels by time:
     D:2: 837 daAuts
     D:1: 603 daAuts
     D:3: 119 daAuts
